AoeStats
← Jazzmushroom

Arena

508579675Analyzed
4v4 RM · 9d ago on Sep 23, 2026· 41m 33s· 8 players
Game mode
Random Map
Map size
Large (8 player)
Population
200
Speed
Normal
Resources
Standard
Victory
Conquest
Starting age
Dark Age
Ending age
Imperial Age
RankedLock teamsTeams togetherTeam positionsShared explorationLock speedFull tech treeHidden civsTurbo modeCheats
Victory
Defeat
🇺🇸 Saracens · United States
1503
+14
🇺🇸 Japanese · United States
1488
+14
🇵🇪 Mongols · Peru
1463
+15
🇦🇷 Khmer · Argentina
1313
+21
🇲🇽 Saxons · Mexico
1606
-21
🇨🇳 Lithuanians · China
1552
-21
🇯🇵 Vietnamese · Japan
1362
-13
🇺🇸 Varangians · United States
1272
-9
qwer
8:50 Feudal Age
8:34 Loom
9:33 Double-Bit Axe
18:27 Castle Age
28:54 Scale Mail Armor
33:11 Bow Saw
32:49 Horse Collar
34:11 Wheelbarrow
39:10 Imperial Age
36:14 Man-at-Arms
36:39 Gambesons
37:27 Chain Mail Armor
37:16 Squires
37:15 Long Swordsman
38:07 Forging
38:15 Heavy Plow
38:12 Gold Mining
39:45 Iron Casting
39:10 Capped Ram
40:22 Plate Mail Armor
39:17 Two-Handed Swordsman
40:03 Arson
41:23 Hand Cart
mu hehe
9:53 Feudal Age
13:44 Castle Age
11:44 Double-Bit Axe
12:02 Horse Collar
15:37 Bow Saw
16:49 Wheelbarrow
19:02 Heavy Plow
21:51 Hand Cart
22:10 Gold Mining
23:11 Stone Mining
27:05 Imperial Age
24:57 Loom
25:45 Scale Barding Armor
26:01 Town Watch
26:23 Husbandry
26:33 Bloodlines
27:36 Chain Barding Armor
27:27 Forging
27:38 Elite Mameluke
29:00 Plate Barding Armor
29:24 Conscription
29:30 Conscription
30:43 Iron Casting
30:51 Ballistics
30:26 Fletching
31:47 Chemistry
32:57 Blast Furnace
32:08 Bodkin Arrow
32:13 Murder Holes
32:07 Elite Skirmisher
34:21 Gold Shaft Mining
34:22 Padded Archer Armor
34:30 Bracer
35:02 Thumb Ring
34:58 Padded Archer Armor
36:14 Leather Archer Armor
36:40 Town Patrol
40:46 Ring Archer Armor
_Kev_
8:45 Feudal Age
12:49 Castle Age
11:21 Loom
13:57 Fletching
20:24 Horse Collar
20:29 Double-Bit Axe
27:24 Imperial Age
25:55 Bodkin Arrow
26:40 Padded Archer Armor
35:10 Ballistics
35:57 Chemistry
38:24 Double-Bit Axe
39:16 Wheelbarrow
40:29 Bracer
41:23 Hand Cart
Vizconde Medardo
11:14 Feudal Age
15:18 Castle Age
13:05 Horse Collar
13:18 Double-Bit Axe
16:21 Loom
22:20 Wheelbarrow
26:14 Imperial Age
24:07 Bow Saw
23:58 Heavy Plow
23:50 Gold Mining
24:52 Scale Barding Armor
24:58 Forging
26:21 Chain Barding Armor
26:27 Bloodlines
26:19 Husbandry
26:19 Elite Battle Elephant
28:14 Iron Casting
33:38 Heavy Scorpion
40:25 Plate Barding Armor
Jazzmushroom
10:19 Feudal Age
14:02 Castle Age
12:42 Double-Bit Axe
12:44 Horse Collar
17:38 Arson
22:16 Wheelbarrow
24:48 Hand Cart
24:25 Loom
24:57 Gold Mining
25:52 Forging
25:43 Scale Mail Armor
26:46 Town Watch
27:05 Heavy Plow
30:50 Iron Casting
30:31 Chain Mail Armor
32:49 Imperial Age
30:58 Stone Mining
31:47 Fletching
32:26 Ballistics
32:55 Bodkin Arrow
33:00 Padded Archer Armor
33:33 Bloodlines
33:24 Husbandry
32:56 Heavy Mounted Crossbowman
34:34 Bow Saw
34:45 Bracer
35:26 Conscription
36:48 Chemistry
JC Shoker
9:25 Loom
11:38 Feudal Age
16:09 Castle Age
15:37 Fletching
15:57 Double-Bit Axe
15:54 Horse Collar
17:36 Bodkin Arrow
21:51 Guard Tower
22:31 Murder Holes
23:54 Stone Mining
26:45 Bow Saw
28:25 Heavy Plow
30:24 Redemption
33:44 Fortified Wall
35:52 Ballistics
35:13 Treadmill Crane
37:16 Wheelbarrow
平原君
10:56 Feudal Age
14:55 Castle Age
12:46 Double-Bit Axe
12:42 Horse Collar
15:41 Horse Collar
16:11 Bow Saw
16:27 Loom
24:11 Fletching
27:23 Wheelbarrow
29:27 Ballistics
_EMA_001
10:45 Feudal Age
14:34 Castle Age
12:58 Double-Bit Axe
13:48 Horse Collar
15:53 Bow Saw
16:28 Wheelbarrow
17:44 Heavy Plow
22:44 Hand Cart
22:54 Gold Mining
28:46 Imperial Age
27:09 Scale Barding Armor
27:14 Forging
27:17 Town Watch
27:46 Bloodlines
27:45 Stone Mining
28:17 Pikeman
28:57 Squires
29:02 Scale Mail Armor
29:38 Iron Casting
29:53 Conscription
29:21 Halberdier
30:19 Chain Mail Armor
32:49 Two-Man Saw
33:12 Crop Rotation
34:07 Chain Barding Armor
33:16 Elite Leitis
34:18 Ballistics
35:46 Chemistry
34:57 Fortified Wall
35:54 Plate Barding Armor
35:58 Fletching
35:40 Elite Skirmisher
37:08 Bodkin Arrow
37:54 Hoardings
38:22 Bracer
38:34 Thumb Ring
37:51 Imperial Skirmisher
40:38 Padded Archer Armor
Connection lost

Rejoining the realm…

Still unreachable

The connection could not be restored.

Session expired

The server has moved on; the page needs a fresh start.